 Dungeon Crawl Stone Soup version 0.22-a0-354-g30dfbe6 (webtiles) character file.

51 Kairos the Skirmisher (level 3, -4/20 HPs)
             Began as a Vine Stalker Fighter on Apr 16, 2018.
             Slain by a gnoll
             ... wielding a +0 halberd
              (12 damage)
             ... on level 2 of the Dungeon.
             The game lasted 00:01:02 (991 turns).

Kairos the Skirmisher (Vine Stalker Fighter)         Turns: 991, Time: 00:01:02

Health: -4/20      AC:  6    Str: 19    XL:     3   Next: 81%
Magic:  0/4        EV:  7    Int:  8    God:
Gold:   26         SH:  9    Dex: 13    Spells: 2/2 levels left

rFire    + . .     SeeInvis .   a - +0 flail
rCold    x . .     Gourm    .   c - +0 shield
rNeg     . . .     Faith    .   b - +0 scale mail
rPois    .         Spirit   +   (no helmet)
rElec    .         Reflect  .   (no cloak)
rCorr    .         Harm     .   (no gloves)
MR       .....                  (no boots)
Stlth    ..........             (no amulet)
HPRegen  0.06/turn              j - ring of fire
MPRegen  0.09/turn              (no ring)

@: no status effects
A: fangs 2, magic shield, antimagic bite, no potion heal 3, rot immunity
a: no special abilities


You were on level 2 of the Dungeon.
You were not hungry.

You visited 1 branch of the dungeon, and saw 2 of its levels.

You collected 26 gold pieces.

Inventory:

Hand Weapons
 a - a +0 flail (weapon)
Armour
 b - a +0 scale mail (worn)
 c - a +0 shield (worn)
Jewellery
 j - a ring of fire (left hand)
Scrolls
 e - a scroll of enchant weapon {unknown}
 g - 3 scrolls of identify {unknown}
 i - a scroll of teleportation {unknown}
Potions
 d - a potion of might
 h - a potion of haste {unknown}
Comestibles
 f - a ration


   Skills:
 + Level 3.1 Fighting
 + Level 2.3 Maces & Flails
 + Level 2.9 Armour
 + Level 0.2 Dodging
 + Level 2.9 Shields


You had 2 spell levels left.
You didn't know any spells.

Dungeon Overview and Level Annotations

Branches:
Dungeon (2/15)

Altars:


Innate Abilities, Weirdness & Mutations

You have extremely sharp teeth.
When hurt, damage is shared between your health and your magic reserves.
Your bite disrupts and absorbs the magic of your enemies.
Potions cannot restore your health.
You are immune to rotting.


Message History

The gnoll is moderately wounded.
You sock the gnoll!
You kill the gnoll!
The gnoll hits you with a club.
You barely miss the gnoll. You block the gnoll's attack.
The gnoll hits you but does no damage.
You completely miss the gnoll. The gnoll hits you but does no damage.
The gnoll hits you from afar with a halberd!
You are too injured to fight recklessly!
You are too injured to fight recklessly!
You are too injured to fight recklessly!
You closely miss the gnoll.
The gnoll hits you but does no damage. x2
You hit the gnoll. Your bite misses the gnoll.
The gnoll is moderately wounded.
You block the gnoll's attack. x2; The gnoll hits you but does no damage.
You hit the gnoll but do no damage.
The gnoll is moderately wounded.
The gnoll hits you from afar with a halberd!
Ouch! That really hurt!
You die...

#################
.....<(.........#
###############.#
#.# ######.####
#.......@g)#
#######.##g# #.#
.# #.# .# ..# .#
### .# .# ##


You could see 2 gnolls.

Vanquished Creatures
  2 gnolls
  A dart slug (D:1)
  A ball python (D:1)
  5 bats
  5 giant cockroaches (D:1)
  A goblin (D:1)
  A hobgoblin (D:1)
  2 jackals (D:1)
  3 kobolds (D:1)
  2 frilled lizards (D:1)
  9 rats (D:1)
32 creatures vanquished.

Notes
Turn   | Place    | Note
-------+----------+-------------------------------------------
     0 | D:1      | Kairos the Vine Stalker Fighter began the quest for the Orb.
     0 | D:1      | Reached XP level 1. HP: 11/11 MP: 2/2
    25 | D:1      | Reached skill level 3 in Fighting
    27 | D:1      | Reached XP level 2. HP: 13/16 MP: 1/3
   302 | D:1      | Reached XP level 3. HP: 19/20 MP: 4/4
   991 | D:2      | Slain by a gnoll

Vault maps used:
D:1:      minmay_arrival_semitransparent
D:2:      chequers_ecumenical_altar_simple, minmay_close_crescents

Skill      XL: |  1  2 |
---------------+-------+-----
Fighting       | 3 |  3.1
Maces & Flails | 2 |  2.3
Armour         | |  2.9
Dodging        | |  0.2
Shields        | |  2.9

Action                   || total
-------------------------++-------
Melee: Flail             ||    94
       Bite              ||    24
Armor: Scale mail        ||    49
Dodge: Dodged            ||    32
Block: Shield            ||    40

Table legend:
 A = Spawn XP
 B = Non-spawn XP
 C = Spawn XP percentage of total XP
 D = Spawn monster count
 E = Non-spawn monster count
 F = Spawn count percentage of total count
 G = Total turns spent on level
                    A         B        C        D         E        F      G
               +---------+---------+-------+---------+---------+-------+---------
         Total |       0 |      73 |   0.0 |       0 |      32 |   0.0 |   991
               +---------+---------+-------+---------+---------+-------+---------
           D:1 |       0 |      58 |   0.0 |       0 |      30 |   0.0 |   968
           D:2 |       0 |      15 |   0.0 |       0 |       2 |   0.0 |    23
               +---------+---------+-------+---------+---------+-------+---------
